 Dungeon Crawl Stone Soup version 0.30-a0-377-g5cb311bc9f (webtiles) character file.

Game seed: 14747953405240669968

8113 Decritt the Fighter (level 11, -4/87 HPs)
             Began as a Djinni Earth Elementalist on Nov 28, 2022.
             Was a Believer of Makhleb.
             Killed from afar by a gargoyle (19 damage)
             ... with a stone arrow
             ... on level 9 of the Dungeon.
             The game lasted 00:24:06 (9004 turns).

Decritt the Fighter (Djinni Earth Elementalist)     Turns: 9004, Time: 00:24:06

Health: -4/87      AC:  6    Str:  7    XL:     11   Next: 49%
Gold:   321        EV: 14    Int: 26    God:    Makhleb [**....] SH:  0 Dex: 15

rFire   + . .      SeeInvis .    i - staff of cold
rCold   + . .      Faith    .    (no shield)
rNeg    . . .      Spirit   .    c - +0 robe of Giefokh {Regen+}
rPois   ∞          Reflect  .    p - +1 hat
rElec   .          Harm     .    h - +2 cloak
rCorr   .          Rampage  .    (no gloves)
Will    +....                    (boots unavailable)
Stlth   ++........               v - amulet of the acrobat
HPRegen 1.14/turn                t - +6 ring of intelligence
MPRegen 0.00/turn                o - ring of ice

@: about to teleport, flying
A: sickness immunity, fire resistance 2, cold vulnerability 1, float, innate
caster, HP casting, extra vitality 1
a: Renounce Religion, Minor Destruction


You were on level 9 of the Dungeon.
You worshipped Makhleb.
Makhleb was pleased with you.
You visited 2 branches of the dungeon, and saw 11 of its levels.

You collected 513 gold pieces.
You spent 192 gold pieces at shops.

Inventory:

Armour
 c - the +0 robe of Giefokh (worn) {Regen+}
   (You bought it in a shop on level 5 of the Dungeon)

   Regen:     It increases your rate of health regeneration.
 h - a +2 cloak (worn)
 p - a +1 hat (worn)
Magical Staves
 i - a staff of cold (weapon)
 s - a staff of death
Jewellery
 e - a ring of positive energy
 k - a ring of willpower
 o - a ring of ice (right hand)
 t - a +6 ring of intelligence (left hand)
 v - an amulet of the acrobat (around neck)
Scrolls
 g - a scroll of teleportation
 m - a scroll of blinking
 w - a scroll of immolation
Potions
 a - a potion of flight {unknown}
 b - a potion of haste
 d - a potion of invisibility
 f - a potion of might {unknown}
 j - 3 potions of brilliance
 l - 2 potions of heal wounds {unknown}
 n - a potion of ambrosia {unknown}
 q - a potion of cancellation {unknown}
 r - a potion of resistance {unknown}
 u - a potion of mutation {unknown}


   Skills:
 * Level 11.4 Fighting
 + Level 3.7 Armour
 + Level 4.8 Dodging
 - Level 1.5 Stealth
 * Level 9.2 Spellcasting


You had 4 spell levels left.
You knew the following spells:

 Your Spells              Type           Power      Damage    Failure   Level
a - Sandblast             Erth           100%       2d20      1%          1
b - Stone Arrow           Conj/Erth      100%       3d13      1%          3
c - Poisonous Vapours     Pois/Air       100%       N/A       1%          2
d - Kindle Blastsparks    Fire/Tloc/Air  100%       2d18      1%          3
e - Petrify               Tmut/Erth      57%        N/A       1%          4
f - Sting                 Tmut/Pois      100%       1d8       1%          1
g - Alistair's Intoxicat  Tmut/Pois      38%        N/A       3%          5
p - Passwall              Tmut/Erth      47%        N/A       1%          2
t - Teleport Other        Tloc           57%        N/A       1%          3
Your spell library was empty.

Dungeon Overview and Level Annotations

Branches:
Dungeon (10/15)            Temple (1/1) D:5
   Lair: D:8-11         Orc: D:9-12

Altars:
Ashenzari
Cheibriados
Dithmenos
Elyvilon
Fedhas
Gozag
Hepliaklqana
Makhleb
Nemelex Xobeh
Okawaru
Qazlal
Ru
Trog
Uskayaw
Wu Jian
Xom
Yredelemnul
Zin
The Shining One

Shops:
D:5 [*[[**   D:6 !   D:9 [


Innate Abilities, Weirdness & Mutations

You are immune to sickness and miasma.
You are immune to poison.
Your flesh is very heat resistant. (rF++)
You are vulnerable to cold. (rC-)
You float through the air rather than walking.
You learn spells naturally, not from books.
Your magical power is your life essence.
You have superior vitality. (+4 MHP)


Message History

Press: ? - help, Shift-Dir - straight line, f - yak
Aim: a yak (heavily wounded, 87% to hit)
The stone arrow hits the yak!!
You kill the yak!
Makhleb accepts your kill.
You feel better. The gargoyle barely misses you.
Casting: Stone Arrow (safe; 1% risk of failure)
Confirm with . or Enter, or press ? or * to list all spells.
Aiming: Stone Arrow (safe; 1% risk of failure)
Press: ? - help, Shift-Dir - straight line, f - gargoyle
Aim: a gargoyle, wielding a +0 mace (89% to hit)
The stone arrow misses the gargoyle.
* * * LOW HITPOINT WARNING * * *
The gargoyle hits you with a +0 mace.
* * * LOW HITPOINT WARNING * * *
Casting: Stone Arrow (safe; 1% risk of failure)
Confirm with . or Enter, or press ? or * to list all spells.
Aiming: Stone Arrow (safe; 1% risk of failure)
Press: ? - help, Shift-Dir - straight line, f/p - gargoyle
Aim: a gargoyle, wielding a +0 mace (89% to hit)
The stone arrow hits the gargoyle!
The gargoyle is heavily damaged.
* * * LOW HITPOINT WARNING * * *
The gargoyle hits you with a +0 mace.
* * * LOW HITPOINT WARNING * * *
Casting: Stone Arrow (safe; 1% risk of failure)
Confirm with . or Enter, or press ? or * to list all spells.
Aiming: Stone Arrow (safe; 1% risk of failure)
Press: ? - help, Shift-Dir - straight line, f/p - gargoyle
Aim: a gargoyle, wielding a +0 mace (heavily damaged, 89% to hit)
The stone arrow misses the gargoyle.
* * * LOW HITPOINT WARNING * * *
The gargoyle hits you with a +0 mace!!
* * * LOW HITPOINT WARNING * * *
Okay, then.
As you read the scroll of teleportation, it crumbles to dust.
You feel strangely unstable.
The gargoyle hurls a stone arrow at you.
The stone arrow hits you!!
You die...

######## #......# #########
###......####
#.......###<@†.#+#....#######
#.......#..9..)#∩#....##..)..
#.......#.#....#'#....##.....
#.......'.#..................
#.......###........<...#.....
#####'### #.).........#######
#.# #########.### # #.# ##..#
# ##.# #.)##


You could see a gargoyle.

Vanquished Creatures
  Amaemon (D:8)
  An orange demon (D:8)
  4 unseen horror zombies (D:9)
  Psyche (D:8)
  An efreet (D:8)
  A troll (D:9)
  A hornet (D:8)
  9 yaks
  A steam dragon (D:6)
  Grum (D:8)
  An acid dragon (D:9)
  Menkaure (D:7)
  An orc warrior (D:9)
  An ice beast (D:6)
  2 black bears
  2 ogres
  2 wolves (D:8)
  3 centaurs
  2 phantoms (D:4)
  2 kobold brigands (D:8)
  Blork the orc (D:6)
  2 necrophages (D:9)
  A gnoll sergeant (D:5)
  3 bullfrogs
  2 scorpions
  14 wights
  3 killer bees (D:8)
  6 hounds
  A human zombie (D:9)
  A jelly (D:7)
  4 orc priests
  6 iguanas
  4 orc wizards
  3 mummies (D:9)
  Robin (D:4)
  7 gnolls
  8 adders
  A shadow imp (D:7)
  A white imp (D:7)
  3 ufetubi
  A dart slug (D:3)
  18 orcs
  8 ball pythons
  7 endoplasms
  3 giant cockroaches
  24 goblins
  15 hobgoblins
  4 jackals (D:5)
  3 quokkas
  3 bats
  3 frilled lizards
  14 kobolds
  6 rats
219 creatures vanquished.

Vanquished Creatures (others)
  4 fungi (D:10)
  A plant (D:10)
5 creatures vanquished.

Grand Total: 224 creatures vanquished

Notes
Turn   | Place    | Note
-------+----------+-------------------------------------------
     0 | D:1      | Decritt the Djinni Earth Elementalist began the quest for
                  | the Orb.
     0 | D:1      | Decritt set off with the following spells memorised:
                  | Sandblast, Passwall, Stone Arrow, Petrify.
     0 | D:1      | Reached XP level 1. HP: 15/15 MP: 0/0
   156 | D:1      | Reached XP level 2. HP: 13/22 MP: 0/0
   200 | D:1      | Reached skill level 1 in Fighting
   440 | D:1      | Reached XP level 3. HP: 27/27 MP: 0/0
   440 | D:1      | Learned a level 1 spell: Sting
   957 | D:2      | Reached skill level 2 in Fighting
  1277 | D:3      | Reached XP level 4. HP: 26/33 MP: 0/0
  1643 | D:3      | Noticed an ogre
  1649 | D:3      | Killed an ogre
  1650 | D:3      | Reached skill level 3 in Fighting
  1650 | D:3      | Reached XP level 5. HP: 8/40 MP: 0/0
  1650 | D:3      | Learned a level 2 spell: Poisonous Vapours
  2345 | D:4      | Reached XP level 6. HP: 38/47 MP: 0/0
  2596 | D:4      | Reached skill level 4 in Fighting
  2652 | D:4      | Noticed Robin
  2778 | D:4      | Killed Robin
  3019 | D:4      | Identified the +9 rapier of Truth {flame, *Noise rCorr
                  | Str-5 SInv}
  3093 | D:4      | Reached XP level 7. HP: 11/53 MP: 0/0
  3093 | D:4      | Learned a level 3 spell: Teleport Other
  3417 | D:4      | Found a glowing silver altar of Zin.
  3422 | D:4      | Reached skill level 5 in Fighting
  4120 | D:5      | Entered Level 5 of the Dungeon
  4123 | D:5      | Found Emicoipab's Assorted Antiques.
  4130 | D:5      | Found Rujogg's Armour Emporium.
  4169 | D:5      | Bought a coral ring for 115 gold pieces
  4184 | D:5      | Found Topigaes's Overcharged Wands.
  4218 | D:5      | Found Teviatugo's Armour Boutique.
  4222 | D:5      | Reached skill level 5 in Spellcasting
  4252 | D:5      | Found a staircase to the Ecumenical Temple.
  4264 | Temple   | Entered the Ecumenical Temple
  4284 | Temple   | Reached XP level 8. HP: 24/61 MP: 0/0
  4696 | D:5      | Reached skill level 6 in Fighting
  5054 | D:5      | Found Ofeggemp's Assorted Antiques.
  5158 | D:5      | Bought the +0 robe of Giefokh {Regen+} for 77 gold pieces
  5190 | D:5      | Found Potos's Armour Shoppe.
  5327 | D:6      | Found Ykhlaagia's Distillery.
  5354 | D:6      | Noticed Blork the orc
  5358 | D:6      | Killed Blork the orc
  5426 | D:6      | Reached skill level 7 in Fighting
  5447 | D:6      | Reached XP level 9. HP: 63/68 MP: 0/0
  5447 | D:6      | Learned a level 3 spell: Kindle Blastsparks
  5613 | D:6      | Reached skill level 8 in Fighting
  5621 | D:6      | Found a shimmering altar of Xom.
  6129 | D:7      | Found a burning altar of Makhleb.
  6136 | D:7      | Noticed Menkaure
  6140 | D:7      | Killed Menkaure
  6145 | D:7      | Became a worshipper of Makhleb the Destroyer
  6329 | D:7      | Found an opulent altar of Gozag.
  6931 | D:8      | Noticed an orange demon
  6933 | D:8      | Killed an orange demon
  6934 | D:8      | Reached skill level 9 in Fighting
  6934 | D:8      | Reached XP level 10. HP: 74/78 MP: 0/0
  6934 | D:8      | Noticed Amaemon
  6938 | D:8      | Killed Amaemon
  6975 | D:8      | Noticed Psyche
  7046 | D:8      | Reached skill level 10 in Fighting
  7128 | D:8      | Reached skill level 1 in Armour
  7224 | D:8      | Reached * piety under Makhleb
  7398 | D:8      | Killed Psyche
  7465 | D:8      | Noticed an efreet
  7468 | D:8      | Killed an efreet
  7692 | D:8      | Noticed Grum
  7694 | D:8      | Killed Grum
  8208 | D:9      | Reached ** piety under Makhleb
  8237 | D:9      | Reached XP level 11. HP: 82/86 MP: 0/0
  8237 | D:9      | Learned a level 5 spell: Alistair's Intoxication
  8243 | D:9      | Found a sparkling altar of Nemelex Xobeh.
  8330 | D:9      | Found a bloodstained altar of Trog.
  8456 | D:9      | Reached skill level 11 in Fighting
  8969 | D:9      | Found Gauhumiu's Armour Emporium.
  8978 | D:10     | Entered Level 10 of the Dungeon
  9004 | D:9      | Killed from afar by a gargoyle

Illustrated notes

Levels and vault maps discovered:
D:1:      tarquinn_simple_flora_water_e, layout_basic
D:2:      layout_rooms, grunt_ministairs_9
D:3:      layout_basic
D:4:      layout_basic, mainiacjoe_overflow_surrounded_room,
          hangedman_decor_clover_reticule, minmay_goblin_outpost, uniq_robin
D:5:      layout_rooms, minmay_temple_entry_wispy, serial_shops,
          nicolae_shop_window_shopping, nicolae_shop_statue_plus,
          nicolae_shop_crystal, kennysheep_mini, shop, serial_glass,
          glass_columns_b, glass_columns_a, glass_columns_a, glass_columns_a,
          glass_columns_c, glass_columns_b, glass_columns_a, glass_columns_b,
          minmay_strange_pillars, feat_on_display,
          nicolae_shop_overcharged_wands
D:6:      layout_loops_ring, mainiacjoe_overflow_brackets, serial_shops,
          nicolae_shop_hallway_stairs, serial_rivers,
          chequers_serial_rivers_micro_c, chequers_serial_rivers_micro_a,
          chequers_serial_rivers_marsh, chequers_serial_rivers_micro_b,
          uniq_blork_the_orc
D:7:      layout_loops_corners, mainiacjoe_overflow_chevrons,
          nicolae_gozag_cash_rules_everything_around_me, grunt_ministairs_1,
          uniq_menkaure
D:8:      layout_basic, enter_bailey_3, uniq_grum, uniq_psyche, uniq_amaemon
D:9:      layout_roguey, mainiacjoe_overflow_catwalk, trog_hazing_becter,
          lemuel_mausoleum_altar_kikubaaqudgha, serial_shops,
          kennysheep_mini_moat
D:10:     layout_cave_pools, grunt_lair_entry_orc_guard_hut, serial_shops,
          shop_fountains, chequers_jeans
Temple:   nicolae_temple_no_exploring_needed

Skill      XL: |  1  2  3  4  5  6  7  8  9 10 11 |
---------------+----------------------------------+-----
Fighting       | 1 2 3 4 5 7 9 10 11 | 11.4
Spellcasting   | 3 4 5 6 7 8 9 |  9.2
Armour         | 2 3 |  3.7
Dodging        | 3 4 |  4.8
Stealth        | |  1.5

Action                   |  1- 3 |  4- 6 |  7- 9 | 10-12 || total
-------------------------+-------+-------+-------+-------++-------
Melee: Unarmed           |    32 |    10 |       |     2 ||    44
       Falchion          |       |    12 |     4 |       ||    16
       Staff             |       |       |     1 |       ||     1
 Cast: Sandblast         |    47 |    31 |     1 |     2 ||    81
       Stone Arrow       |       |    39 |   123 |   125 ||   287
       Poisonous Vapours |       |     7 |       |       ||     7
       Passwall          |       |     2 |       |       ||     2
       Kindle Blastspark |       |       |     1 |     6 ||     7
  Use: Scroll            |       |     6 |     9 |     3 ||    18
       Potion            |       |     1 |       |       ||     1
Armor: Robe              |    12 |    24 |    11 |    15 ||    62
       Skin              |       |       |       |     1 ||     1
Dodge: Dodged            |    25 |    34 |    29 |    44 ||   132

Table legend: (Time is in decaauts)
 A = Elapsed time spent in this place.
 B = Non-inter-level travel time spent in this place.
 C = Inter-level travel time spent in this place.
 D = Time resting spent in this place.
 E = Time spent auto-exploring this place.
 F = Levels seen in this place.
 G = Mean time per level.
                   A        B        C        D        E       F      G
               +--------+--------+--------+--------+--------+-----+--------+
         Total |   9046 |   8805 |    241 |   1659 |   5918 |  11 |  822.4 |
       Dungeon |   8645 |   8404 |    241 |   1267 |   5918 |  10 |  864.5 |
        Temple |    400 |    400 |      0 |    392 |      0 |   1 |  400.0 |
               +--------+--------+--------+--------+--------+-----+--------+

Top non-repeatable levels by time:
     D:4: 1703 daAuts
     D:3: 1221 daAuts
     D:8: 1185 daAuts
     D:9: 867 daAuts
     D:7: 859 daAuts
     D:1: 809 daAuts
     D:5: 785 daAuts
     D:6: 764 daAuts
     D:2: 429 daAuts
  Temple: 400 daAuts
    D:10: 20 daAuts
